 Dungeon Crawl Stone Soup version 0.27-a0-1281-ge233d83751 (webtiles) character file.

Game seed: 17084659267858861343

80 freelancePsychic the Ruffian (level 4, -4/35 HPs)
             Began as a Vampire Fighter on June 13, 2021.
             Killed by divine providence
             ... invoked by an orc priest
              (9 damage)
             ... on level 3 of the Dungeon.
             The game lasted 00:02:36 (1650 turns).

freelancePsychic the Ruffian (Vampire Fighter)      Turns: 1650, Time: 00:02:37

Health: -4/35      AC:  6    Str: 16    XL:     4   Next: 18%
Magic:  4/4        EV:  7    Int: 10    God:
Gold:   51         SH:  8    Dex: 13    Spells: 3/3 levels left

rFire    . . .     SeeInvis +     - Unarmed
rCold    . . .     Faith    .   b - +0 kite shield
rNeg     . . .     Spirit   .   a - +0 scale mail
rPois    .         Reflect  .   (no helmet)
rElec    .         Harm     .   (no cloak)
rCorr    .         Rampage  .   (no gloves)
Will     +....                  (no boots)
Stlth    ..........             (no amulet)
HPRegen  0.31/turn              d - ring of willpower
MPRegen  0.09/turn              (no ring)

@: healing quickly
A: alive, fangs 3, see invisible, vampiric 2
a: Exsanguinate


You were on level 3 of the Dungeon.
You visited 1 branch of the dungeon, and saw 3 of its levels.

You collected 51 gold pieces.

Inventory:

Armour
 a - a +0 scale mail (worn)
 b - a +0 kite shield (worn)
 j - a +0 chain mail
Jewellery
 d - a ring of willpower (left hand)
 h - a ring of protection from cold
Wands
 i - a wand of acid (4)
Scrolls
 f - a scroll of amnesia
Potions
 c - a potion of might
 e - 3 potions of curing {@q1}
 g - 2 potions of brilliance {unknown}


   Skills:
 + Level 3.2 Fighting
 - Level 2.4 Armour
 + Level 1.9 Dodging
 - Level 2.6 Shields
 * Level 3.8 Unarmed Combat


You had 3 spell levels left.
You didn't know any spells.
Your spell library contained the following spells:

 Spells                   Type           Power      Damage    Failure   Level
 Animate Skeleton         Necr           0%         N/A       100%        1
 Magic Dart               Conj           0%         1d3       100%        1
 Pain                     Necr           0%         1d4       100%        1
 Blink                    Tloc           N/A        N/A       100%        2
 Call Imp                 Summ           0%         N/A       100%        2
 Slow                     Hex            0%         N/A       100%        2
 Conjure Flame            Conj/Fire      0%         6-21      100%        3
 Mephitic Cloud           Conj/Pois/Air  0%         N/A       100%        3
 Vampiric Draining        Necr           0%         2d6       100%        3
 Animate Dead             Necr           0%         N/A       100%        4
 Agony                    Necr           0%         N/A       100%        5


Dungeon Overview and Level Annotations

Branches:
Dungeon (3/15)

Altars:

Annotations:
D:3 Natasha


Innate Abilities, Weirdness & Mutations

Your natural rate of healing is accelerated.
You have razor-sharp teeth.
You have supernaturally acute eyesight. (SInv)
You are afflicted with vampirism and can become a bat while bloodless.


Message History

No target in view!
No target in view!
No target in view!
No target in view!
No target in view!
No target in view!
No target in view!
No target in view!
Found a stone staircase leading up.
There is a stone staircase leading up here. 2 orcs come into view.
The orc shouts!
An orc priest comes into view. It is wielding a +0 club.
The orc barely misses you.
You punch the orc!
You kill the orc!
The orc priest mumbles some strange prayers to Beogh against you.
Beogh smites you! The orc hits you with a +0 flail.
You are too injured to fight recklessly!
You are too injured to fight recklessly!
You are too injured to fight recklessly!
You are too injured to fight recklessly!
You are too injured to fight recklessly!
You are too injured to fight recklessly!
You are too injured to fight recklessly!
You are too injured to fight recklessly!
You are too injured to fight recklessly!
You are too injured to fight recklessly!
You are too injured to fight recklessly!
Natasha, Servant of Life and Death comes into view.
Natasha hisses angrily.
Natasha casts a spell at you. The magic dart hits you.
The orc priest calls down the wrath of Beogh upon you.
Beogh smites you!
* * * LOW HITPOINT WARNING * * *
The orc closely misses you.
The orc priest invokes the aid of Beogh against you.
Beogh smites you!
You die...

#.##..# ######..#
#.##..#########..#
#.##.............#
###.##.....######..#
......o...........#
....#.....#........
.###.###)......<#.#####.#
.h......o.....###.# #.#
####.###@....## .# #.#
###....## .# #.# #...#.##
.# #.# #<###.# .# #.# #.#
#.. #.# #.#
############.# #.#
#..........# #.#
#.########## #.#######.#


You could see an orc priest, Natasha and an orc.

Vanquished Creatures
  An adder (D:3)
  A white imp (D:3)
  An adder skeleton (D:2)
  A worm (D:2)
  A dart slug (D:1)
  2 orcs (D:3)
  6 endoplasms
  2 giant cockroaches
  5 goblins
  3 hobgoblins
  5 jackals
  4 kobolds
  A quokka (D:2)
  4 ball pythons
  6 bats
  3 frilled lizards
  4 rats
50 creatures vanquished.

Notes
Turn   | Place    | Note
-------+----------+-------------------------------------------
     0 | D:1      | freelancePsychic the Vampire Fighter began the quest for
                  | the Orb.
     0 | D:1      | Reached XP level 1. HP: 17/17 MP: 1/1
   142 | D:1      | Reached XP level 2. HP: 23/23 MP: 2/2
   200 | D:1      | Reached skill level 1 in Dodging
   522 | D:2      | Gained mutation: You are afflicted with vampirism and can
                  | become a bat while bloodless. [Vampire growth]
   522 | D:2      | Reached XP level 3. HP: 29/29 MP: 3/3
  1412 | D:3      | Reached XP level 4. HP: 29/35 MP: 4/4
  1649 | D:3      | Noticed Natasha
  1650 | D:3      | Killed from afar by an orc priest

Illustrated notes

Levels and vault maps discovered:
D:1:      lightli_arrival_isolated_outpost, layout_rooms, minmay_tetromino_i2
D:2:      layout_basic, serial_park_tiny_pond
D:3:      layout_loops_ring, minmay_checkerbox, uniq_natasha

Skill      XL: |  1  2 |
---------------+-------+-----
Dodging        | 1 |  1.9
Unarmed Combat | 3 |  3.8
Fighting       | 3 |  3.2
Armour         | |  2.4
Shields        | |  2.6

Action                   |  1- 3 |  4- 6 || total
-------------------------+-------+-------++-------
Melee: Unarmed           |   169 |     9 ||   178
       Bite              |    18 |     1 ||    19
  Use: Scroll            |     4 |       ||     4
Armor: Scale mail        |    87 |     2 ||    89
Dodge: Dodged            |    52 |     3 ||    55
Block: Kite shield       |    89 |     4 ||    93

Table legend: (Time is in decaauts)
 A = Elapsed time spent in this place.
 B = Non-inter-level travel time spent in this place.
 C = Inter-level travel time spent in this place.
 D = Time resting spent in this place.
 E = Time spent auto-exploring this place.
 F = Levels seen in this place.
 G = Mean time per level.
                   A        B        C        D        E       F      G
               +--------+--------+--------+--------+--------+-----+--------+
         Total |   1687 |   1680 |      7 |      0 |   1262 |   3 |  562.3 |
       Dungeon |   1687 |   1680 |      7 |      0 |   1262 |   3 |  562.3 |
               +--------+--------+--------+--------+--------+-----+--------+

Top non-repeatable levels by time:
     D:2: 825 daAuts
     D:1: 462 daAuts
     D:3: 399 daAuts
